 Dungeon Crawl Stone Soup version 0.31-a0-7-g51783674b7 (webtiles) character file.

Game seed: 10523690822026914809

5 voltaire321 the Sneak (level 1, 11/11 HPs)
             Began as an Octopode Enchanter on May 5, 2023.
             Quit the game on level 1 of the Dungeon.
             The game lasted 00:00:36 (162 turns).

voltaire321 the Sneak (Octopode Enchanter)           Turns: 162, Time: 00:00:37

Health: 11/11      AC:  1    Str:  7    XL:     1   Next: 80%
Magic:  3/3        EV: 13    Int: 17    God:
Gold:   18         SH:  0    Dex: 12    Spells: 4/4 levels left

rFire   . . .        a - +1 dagger
rCold   . . .        (no shield)
rNeg    . . .        (helmet restricted)
rPois   .            (no amulet)
rElec   .            (no ring)
rCorr   .            (no ring)
SInv    .            (no ring)
Will    .....        (no ring)
Stlth   +++          (no ring)
HPRegen 0.21/turn    (no ring)
MPRegen 0.08/turn    (no ring)
                     (no ring)

%: no passive effects
@: no status effects
A: almost no armour, amphibious, 8 rings, camouflage 1, gelatinous body 1,
(nimble swimmer 1), tentacles
a: no special abilities


You were on level 1 of the Dungeon.
You visited 1 branch of the dungeon, and saw 1 of its levels.

You collected 18 gold pieces.

Inventory:

Hand Weapons
 a - a +1 dagger (weapon)
Scrolls
 d - a scroll of teleportation {unknown}
Potions
 b - 2 potions of invisibility
 c - a potion of flight {unknown}


   Skills:
 + Level 0.1 Fighting
 + Level 1.0 Short Blades
 + Level 2.1 Dodging
 * Level 4.1 Stealth
 + Level 2.0 Spellcasting
 + Level 3.0 Hexes


You had 4 spell levels left.
You didn't know any spells.
Your spell library contained the following spells:

 Spells                   Type           Power      Damage    Failure   Level
 Slow                     Hex            48%        N/A       5%          1
 Ensorcelled Hibernation  Hex/Ice        12%        N/A       16%         2
 Confusing Touch          Hex            12%        N/A       16%         3
 Tukima's Dance           Hex            12%        N/A       16%         3
 Dazzling Flash           Conj/Hex       12%        N/A       30%         3
 Vampiric Draining        Necr           1%         2d6       50%         3
 Chain Lightning          Conj/Air       0%         2d1       100%        9
 Fire Storm               Conj/Fire      0%         6d1       100%        9
 Shatter                  Erth           0%         3d5*      100%        9


Dungeon Overview and Level Annotations

Branches:
Dungeon (1/15)

Altars:


Innate Abilities, Weirdness & Mutations

You cannot wear most types of armour.
You are amphibious.
You can wear up to eight rings at the same time.
Your skin changes colour to match your surroundings (Stealth+).
Your rubbery body absorbs attacks. (AC +1, EV +1)
((You are camouflaged when in or above water. (Stealth+)))
You have tentacles for arms and can constrict up to eight enemies at once.


Message History

You kill the rat!
A ball python comes into view.
You barely miss the ball python. Your grab misses the ball python.
You squeeze the ball python.
The ball python is heavily wounded.
The ball python completely misses you. x2
You barely miss the ball python. Your grab misses the ball python.
You squeeze the ball python.
You kill the ball python!
You see here a ball python corpse.
A kobold comes into view. It is wielding a +0 club.
The kobold closely misses you.
You closely miss the kobold. Your grab misses the kobold.
You squeeze the kobold.
You kill the kobold!
You now have 8 gold pieces.
Found a stone staircase leading down.
A bat comes into view.
Found a grey potion.
Found a scroll labelled ALUGAFISK.
The bat hits you but does no damage.
You hit the bat.
You kill the bat!
You now have 18 gold pieces (gained 10).
You see here a bat corpse.
c - a grey potion A rat comes into view.
Found a book of Debilitation.
The rat bites you.
You see here a scroll labelled ALUGAFISK.
You hit the rat but do no damage. Your grab misses the rat.
Your squeeze misses the rat. The rat bites you.
You barely miss the rat. You grab the rat. You tentacle-slap the rat.
You kill the rat!
d - a scroll labelled ALUGAFISK You pick up a book of Debilitation and begin reading...
You add the spells Slow and Vampiric Draining to your library.
Enter note: Unknown command.
Are you sure you want to abandon this character and quit the game? (Confirm with "yes".)

# #........#.###...###
#.######.#†............
#......................
########.##.#.#########
............#.........
########.##.#..###### #
#.#####..# #.#......##
#.#..~##.@# #...~~
##..# #..~~ ##...
.....~≈≈# #### .###
#..#...~~#
.#...##.#.....~# ####
.#.#.##...#....# +.~##
.#.#.##.#.~#...# #.~≈#
.#.#.##.#~~#.#.####.~~#


There were no monsters in sight!

Vanquished Creatures
  A ball python (D:1)
  A kobold (D:1)
  A bat (D:1)
  3 rats (D:1)
6 creatures vanquished.

Notes
Turn   | Place    | Note
-------+----------+-------------------------------------------
     0 | D:1      | voltaire321 the Octopode Enchanter began the quest for the
                  | Orb.
     0 | D:1      | Reached XP level 1. HP: 11/11 MP: 3/3
   162 | D:1      | Quit the game

Illustrated notes

Levels and vault maps discovered:
D:1:      denvon_arrival_waterhouse, layout_basic,
          chequers_ecumenical_altar_grove, patterned_corridor

Action                     || total
---------------------------++-------
  Melee: Dagger            ||     8
         Tentacles         ||     3
         Constrict         ||     1
         Punch             ||     1
   Stab: Sleeping          ||     2
 Armour: Skin              ||     1
  Dodge: Dodged            ||     3

Table legend: (Time is in decaauts)
 A = Elapsed time spent in this place.
 B = Non-inter-level travel time spent in this place.
 C = Inter-level travel time spent in this place.
 D = Time resting spent in this place.
 E = Time spent auto-exploring this place.
 F = Levels seen in this place.
 G = Mean time per level.
                   A        B        C        D        E       F      G
               +--------+--------+--------+--------+--------+-----+--------+
         Total |    161 |    161 |      0 |      0 |     96 |   1 |  161.0 |
       Dungeon |    161 |    161 |      0 |      0 |     96 |   1 |  161.0 |
               +--------+--------+--------+--------+--------+-----+--------+

Top non-repeatable levels by time:
     D:1: 161 daAuts
